TOP OF THE 1ST |
Hillsboro Hops batting - Pitching for Boise Hawks : LHP Yoshiya Yokoyama
|
Pitching: LHP Yoshiya Yokoyama
|
|
Batting: RHB Brandon Joshua
|
0-0: Fly out, F7 (Flyball, 7, EV 81.2 MPH)
|
Batting: LHB Soo-yeon Kym
|
0-0: Called Strike 0-1: Foul Ball, location: 2F 0-2: Strikes out swinging
|
Batting: RHB Chad Mendoza
|
0-0: Foul Ball, location: 2F 0-1: Foul Ball, location: 2F 0-2: Ball 1-2: Foul Ball, location: 2F 1-2: Foul Ball, location: 2F 1-2: SINGLE (Groundball, 4D, EV 99.4 MPH)
|
Batting: RHB Larry Hardman
|
0-0: Called Strike 0-1: Swinging Strike 0-2: Foul Ball, location: 2F 0-2: Ball 1-2: Ball 2-2: Fielders Choice at 2nd, 6-4 (Groundball, 56D, EV 83.8 MPH)
|
Top of the 1st over - 0 runs, 1 hit, 0 errors, 1 left on base; Hillsboro 0 - Boise 0 |
BOTTOM OF THE 1ST |
Boise Hawks batting - Pitching for Hillsboro Hops : RHP Adam Maida
|
Pitching: RHP Adam Maida
|
|
Batting: RHB Bobby Gulsby
|
0-0: Ball 1-0: Ground out U3 (Groundball, 3, EV 91.2 MPH)
|
Batting: LHB Matt Steinke
|
0-0: Called Strike 0-1: Ball 1-1: Ball 2-1: Foul Ball, location: 2F 2-2: Foul Ball, location: 2F 2-2: Foul Ball, location: 2F 2-2: Foul Ball, location: 2F 2-2: Ground out 5-3 (Groundball, 56, EV 88.8 MPH)
|
Batting: RHB Ernest Olkowicz
|
0-0: Swinging Strike 0-1: Called Strike 0-2: Ball 1-2: Strikes out swinging
|
Bottom of the 1st over - 0 runs, 0 hits, 0 errors, 0 left on base; Hillsboro 0 - Boise 0 |
TOP OF THE 2ND |
Hillsboro Hops batting - Pitching for Boise Hawks : LHP Yoshiya Yokoyama
|
Batting: LHB Dillon Rizzuto
|
0-0: Called Strike 0-1: Fly out, F8 (Flyball, 78D, EV 98.1 MPH)
|
Batting: RHB Jeremy Adams
|
0-0: Called Strike 0-1: SINGLE (Groundball, 56D, EV 99.4 MPH)
|
Batting: RHB Jeremy Coffey
|
0-0: Called Strike 0-1: Ball 1-1: SINGLE (Line Drive, 3D, EV 95.0 MPH) Jeremy Adams to second Runner from 2nd tries for 3rd, SAFE, no throw by RF
|
Batting: RHB Trevor Corey
|
0-0: Called Strike 0-1: Fly out, F8 (Line Drive, 8LD, EV 91.2 MPH)
|
Batting: SHB Mike Kiefer
|
0-0: Ground out 5-3 (Groundball, 56S, EV 87.5 MPH)
|
Top of the 2nd over - 0 runs, 2 hits, 0 errors, 2 left on base; Hillsboro 0 - Boise 0 |
BOTTOM OF THE 2ND |
Boise Hawks batting - Pitching for Hillsboro Hops : RHP Adam Maida
|
Batting: RHB Mike Manchester
|
0-0: Ball 1-0: SOLO HOME RUN (Flyball, 9LD, EV 95.0 MPH), Distance : 343 ft
|
Batting: RHB Andy Solorzano
|
0-0: Ball 1-0: Ball 2-0: Called Strike 2-1: Ball 3-1: Base on Balls
|
Batting: RHB Max Schellekens
|
0-0: Called Strike 0-1: Ball 1-1: SINGLE (Line Drive, 9LS, EV 94.4 MPH) Andy Solorzano to second
|
Batting: SHB Malik Whitted
|
0-0: Called Strike 0-1: Grounds into double play, 5-4-3 (Groundball, 56D, EV 83.8 MPH) Andy Solorzano to third
|
Batting: RHB Nick Rang
|
0-0: Called Strike 0-1: 2-RUN HOME RUN (Flyball, 7D, EV 95.0 MPH), Distance : 366 ft
|
Batting: LHB Mick Knopp
|
0-0: Ball 1-0: Ball 2-0: Called Strike 2-1: SINGLE (Groundball, 56D, EV 98.8 MPH)
|
Batting: RHB Bobby Gulsby
|
0-0: Ball 1-0: Ball Mick Knopp steals 2nd base 2-0: Foul Ball, location: 2F 2-1: Foul Ball, location: 2F 2-2: Ground out 5-3 (Groundball, 5, EV 106.9 MPH)
|
Bottom of the 2nd over - 3 runs, 4 hits, 0 errors, 1 left on base; Hillsboro 0 - Boise 3 |
TOP OF THE 3RD |
Hillsboro Hops batting - Pitching for Boise Hawks : LHP Yoshiya Yokoyama
|
Batting: RHB Brandon Joshua
|
0-0: Called Strike 0-1: Called Strike 0-2: Strikes out looking
|
Batting: LHB Soo-yeon Kym
|
0-0: Called Strike 0-1: Ball 1-1: Ball 2-1: Ball 3-1: Foul Ball, location: 2F 3-2: Foul Ball, location: 2F 3-2: Foul Ball, location: 2F 3-2: SOLO HOME RUN (Flyball, 9D, EV 97.5 MPH), Distance : 374 ft
|
Batting: RHB Chad Mendoza
|
0-0: Called Strike 0-1: Ball 1-1: Ball 2-1: Ground out U3 (Groundball, 34, EV 80.0 MPH)
|
Batting: RHB Larry Hardman
|
0-0: Ball 1-0: Ball 2-0: Ball 3-0: Called Strike 3-1: Called Strike 3-2: Foul Ball, location: 2F 3-2: Fly out, F8 (Flyball, 8LM, EV 90.6 MPH)
|
Top of the 3rd over - 1 run, 1 hit, 0 errors, 0 left on base; Hillsboro 1 - Boise 3 |
BOTTOM OF THE 3RD |
Boise Hawks batting - Pitching for Hillsboro Hops : RHP Adam Maida
|
Batting: LHB Matt Steinke
|
0-0: Ball 1-0: Ground out 6-3 (Groundball, 6D, EV 106.2 MPH)
|
Batting: RHB Ernest Olkowicz
|
0-0: Ball 1-0: Ball 2-0: Foul Ball, location: 2F 2-1: Ball 3-1: Swinging Strike 3-2: SINGLE (Flyball, 8RS, EV 89.4 MPH)
|
Batting: RHB Mike Manchester
|
0-0: Ball Ernest Olkowicz steals 2nd base 1-0: Foul Ball, location: 2F 1-1: Fly out, F8 (Line Drive, 8RM, EV 95.0 MPH)
|
Batting: RHB Andy Solorzano
|
0-0: Ball 1-0: Ball 2-0: Called Strike 2-1: Fly out, F8 (Flyball, 89S, EV 72.5 MPH)
|
Bottom of the 3rd over - 0 runs, 1 hit, 0 errors, 1 left on base; Hillsboro 1 - Boise 3 |
TOP OF THE 4TH |
Hillsboro Hops batting - Pitching for Boise Hawks : LHP Yoshiya Yokoyama
|
Batting: LHB Dillon Rizzuto
|
0-0: Foul Ball, location: 2F 0-1: Ball 1-1: Called Strike 1-2: Strikes out swinging passed ball, reaches first!
|
Batting: RHB Jeremy Adams
|
0-0: Ball 1-0: Ball 2-0: Ball 3-0: Base on Balls Dillon Rizzuto to second
|
Batting: RHB Jeremy Coffey
|
0-0: Called Strike 0-1: Ball 1-1: Called Strike 1-2: Strikes out swinging
|
Batting: RHB Trevor Corey
|
0-0: Grounds into double play, 4-6-3 (Groundball, 4M, EV 105.0 MPH)
|
Top of the 4th over - 0 runs, 0 hits, 0 errors, 1 left on base; Hillsboro 1 - Boise 3 |
BOTTOM OF THE 4TH |
Boise Hawks batting - Pitching for Hillsboro Hops : RHP Adam Maida
|
Pitching: RHP Rick Foster
|
|
Batting: RHB Max Schellekens
|
0-0: Ground out 5-3 (Groundball, 5S, EV 86.2 MPH)
|
Batting: SHB Malik Whitted
|
0-0: Ball 1-0: SINGLE (Groundball, 34D, EV 98.1 MPH)
|
Batting: RHB Nick Rang
|
0-0: Foul Ball, location: 2F 0-1: Ball 1-1: Ball 2-1: Foul Ball, location: 2F 2-2: Ball 3-2: Base on Balls Malik Whitted to second
|
Batting: LHB Mick Knopp
|
0-0: Called Strike 0-1: Foul Ball, location: 2F 0-2: DOUBLE (Groundball, 3L, EV 100.6 MPH) Malik Whitted scores Nick Rang to third
|
Batting: RHB Bobby Gulsby
|
0-0: Ball 1-0: Swinging Strike 1-1: Ball 2-1: 3-RUN HOME RUN (Flyball, 7D, EV 95.0 MPH), Distance : 367 ft
|
Pitching: LHP Heath Henderson
|
|
Batting: LHB Matt Steinke
|
0-0: Called Strike 0-1: Foul Ball, location: 2F 0-2: Strikes out looking
|
Batting: RHB Ernest Olkowicz
|
0-0: Foul Ball, location: 2F 0-1: Swinging Strike 0-2: Ball 1-2: SOLO HOME RUN (Flyball, 7D, EV 93.1 MPH), Distance : 367 ft
|
Batting: RHB Mike Manchester
|
0-0: Foul Ball, location: 2F 0-1: Ball 1-1: Ball 2-1: Ball 3-1: Base on Balls
|
Batting: RHB Andy Solorzano
|
0-0: Ball Mike Manchester steals 2nd base (no throw) 1-0: Swinging Strike 1-1: Foul Ball, location: 2F 1-2: Strikes out swinging
|
Bottom of the 4th over - 5 runs, 4 hits, 0 errors, 1 left on base; Hillsboro 1 - Boise 8 |
TOP OF THE 5TH |
Hillsboro Hops batting - Pitching for Boise Hawks : LHP Yoshiya Yokoyama
|
Batting: SHB Mike Kiefer
|
0-0: Ball 1-0: Ball 2-0: Ground out 6-3 (Groundball, 6, EV 83.1 MPH)
|
Batting: RHB Brandon Joshua
|
0-0: Called Strike 0-1: Swinging Strike 0-2: Ball 1-2: Ball 2-2: Ball 3-2: Foul Ball, location: 2F 3-2: Base on Balls
|
Batting: LHB Soo-yeon Kym
|
0-0: Ball Pickoff Throw to First - Error! E1 Brandon Joshua to second 1-0: Fly out, F8 (Flyball, 8LD, EV 103.1 MPH)
|
Pitching: RHP Mike Clark
|
|
Batting: RHB Chad Mendoza
|
0-0: Called Strike 0-1: Ground out 6-3 (Groundball, 6, EV 99.4 MPH)
|
Top of the 5th over - 0 runs, 0 hits, 1 error, 1 left on base; Hillsboro 1 - Boise 8 |
BOTTOM OF THE 5TH |
Boise Hawks batting - Pitching for Hillsboro Hops : LHP Heath Henderson
|
Batting: RHB Max Schellekens
|
0-0: Ball 1-0: Ball 2-0: Ball 3-0: Base on Balls
|
Pitching: RHP John Petersen
|
|
Batting: SHB Malik Whitted
|
0-0: Ball 1-0: Fly out, F9 (Flyball, 89M, EV 83.8 MPH)
|
Batting: RHB Nick Rang
|
0-0: Called Strike 0-1: Ball 1-1: Ball 2-1: Ball 3-1: Fielders Choice at 2nd, 6-4 (Groundball, 6M, EV 105.6 MPH)
|
Batting: LHB Mick Knopp
|
0-0: Called Strike 0-1: Called Strike 0-2: Ball 1-2: DOUBLE (Line Drive, 5D, EV 104.4 MPH) Nick Rang to third Runner from 3rd tries for Home, SAFE, throw by LF to home
|
Batting: RHB Bobby Gulsby
|
0-0: Ball 1-0: Ground out 2-3 (Groundball, 2L, EV 63.1 MPH)
|
Bottom of the 5th over - 1 run, 1 hit, 0 errors, 1 left on base; Hillsboro 1 - Boise 9 |
TOP OF THE 6TH |
Hillsboro Hops batting - Pitching for Boise Hawks : RHP Mike Clark
|
Batting: RHB Larry Hardman
|
0-0: Ball 1-0: Swinging Strike 1-1: Called Strike 1-2: Ball 2-2: Strikes out swinging
|
Batting: LHB Dillon Rizzuto
|
0-0: Called Strike 0-1: Ball 1-1: Called Strike 1-2: Ball 2-2: Strikes out looking
|
Batting: RHB Jeremy Adams
|
0-0: Foul Ball, location: 2F 0-1: Swinging Strike 0-2: Strikes out swinging
|
Top of the 6th over - 0 runs, 0 hits, 0 errors, 0 left on base; Hillsboro 1 - Boise 9 |
BOTTOM OF THE 6TH |
Boise Hawks batting - Pitching for Hillsboro Hops : RHP John Petersen
|
Batting: LHB Matt Steinke
|
0-0: Called Strike 0-1: Foul Ball, location: 2F 0-2: Ball 1-2: SINGLE (Line Drive, 78M, EV 103.1 MPH)
|
Batting: RHB Ernest Olkowicz
|
0-0: Ball Passed Ball! Matt Steinke to second 1-0: Ball 2-0: Ball 3-0: 2-RUN HOME RUN (Flyball, 7D, EV 98.1 MPH), Distance : 356 ft
|
Pitching: RHP Tom Alatas
|
|
Batting: RHB Mike Manchester
|
0-0: Ball 1-0: Called Strike 1-1: Foul Ball, location: 2F 1-2: Ball 2-2: Ball 3-2: Strikes out looking
|
Batting: RHB Andy Solorzano
|
0-0: Called Strike 0-1: Foul Ball, location: 2F 0-2: Foul Ball, location: 2F 0-2: Ball 1-2: Strikes out swinging
|
Batting: RHB Max Schellekens
|
0-0: Swinging Strike 0-1: Ground out 5-3 (Groundball, 56, EV 108.8 MPH)
|
Bottom of the 6th over - 2 runs, 2 hits, 0 errors, 0 left on base; Hillsboro 1 - Boise 11 |
TOP OF THE 7TH |
Hillsboro Hops batting - Pitching for Boise Hawks : RHP Mike Clark
|
Batting: RHB Jeremy Coffey
|
0-0: Foul Ball, location: 2F 0-1: Called Strike 0-2: Ball 1-2: Ball 2-2: Foul Ball, location: 2F 2-2: Strikes out swinging
|
Batting: RHB Trevor Corey
|
0-0: Ball 1-0: Foul Ball, location: 2F 1-1: Called Strike 1-2: Ball 2-2: Ball 3-2: Base on Balls
|
Batting: SHB Mike Kiefer
|
0-0: Ball 1-0: Foul Ball, location: 2F 1-1: Foul Ball, location: 2F 1-2: Ball 2-2: Fielders Choice at 2nd, 3-6 (Groundball, 3, EV 98.8 MPH)
|
Batting: RHB Brandon Joshua
|
0-0: Ball 1-0: Called Strike 1-1: Ball 2-1: Fly out, F3 (Line Drive, 3, EV 67.5 MPH)
|
Top of the 7th over - 0 runs, 0 hits, 0 errors, 1 left on base; Hillsboro 1 - Boise 11 |
BOTTOM OF THE 7TH |
Boise Hawks batting - Pitching for Hillsboro Hops : RHP Tom Alatas
|
Batting: SHB Malik Whitted
|
0-0: Ball 1-0: Foul Ball, location: 2F 1-1: Ball 2-1: Foul Ball, location: 2F 2-2: Foul Ball, location: 2F 2-2: Strikes out swinging
|
Pitching: LHP Andy Wilmoth
|
|
Pinch Hitting: RHB Brent Moody
|
0-0: Foul Ball, location: 2F 0-1: Ball 1-1: Ball 2-1: Ground out 3-1 (Groundball, 34S, EV 86.2 MPH)
|
Pinch Hitting: LHB Joe Miller
|
0-0: Called Strike 0-1: Swinging Strike 0-2: Ball 1-2: Ball 2-2: Ball 3-2: Ground out 4-3 (Groundball, 4, EV 90.0 MPH)
|
Bottom of the 7th over - 0 runs, 0 hits, 0 errors, 0 left on base; Hillsboro 1 - Boise 11 |
TOP OF THE 8TH |
Hillsboro Hops batting - Pitching for Boise Hawks : RHP Mike Clark
|
Now at 2B: Max Schellekens
|
|
Now at SS: Brent Moody
|
|
Now in CF: Joe Miller
|
|
Batting: LHB Soo-yeon Kym
|
0-0: Ball 1-0: Ball 2-0: Foul Ball, location: 2F 2-1: Swinging Strike 2-2: Ball 3-2: Base on Balls
|
Pitching: RHP Javier Leon
|
|
Batting: RHB Chad Mendoza
|
0-0: Called Strike 0-1: Grounds out, U3 (Groundball, 3L, EV 89.4 MPH)
|
Batting: RHB Larry Hardman
|
0-0: Called Strike 0-1: Ball 1-1: Ball 2-1: Foul Ball, location: 2F 2-2: Ground out 6-3 (Groundball, 6, EV 100.6 MPH)
|
Batting: LHB Dillon Rizzuto
|
0-0: Ball 1-0: Ball 2-0: Ball Wild Pitch! Soo-yeon Kym to third 3-0: Foul Ball, location: 2F 3-1: Called Strike 3-2: SINGLE (Line Drive, 8LS, EV 109.4 MPH) Soo-yeon Kym scores
|
Batting: RHB Jeremy Adams
|
0-0: Ball 1-0: Fielders Choice at 2nd, 5-4 (Groundball, 56, EV 88.8 MPH)
|
Top of the 8th over - 1 run, 1 hit, 0 errors, 1 left on base; Hillsboro 2 - Boise 11 |
BOTTOM OF THE 8TH |
Boise Hawks batting - Pitching for Hillsboro Hops : LHP Andy Wilmoth
|
Pinch Hitting: RHB Matt Robert
|
0-0: Ball 1-0: Ground out 5-3 (Groundball, 56S, EV 86.9 MPH)
|
Batting: LHB Matt Steinke
|
0-0: Called Strike 0-1: Ball 1-1: Ball 2-1: Swinging Strike 2-2: Foul Ball, location: 2F 2-2: Foul Ball, location: 2F 2-2: Foul Ball, location: 2F 2-2: Foul Ball, location: 2F 2-2: Foul Ball, location: 2F 2-2: Ball 3-2: Base on Balls
|
Pinch Hitting: RHB Dan House
|
0-0: Ball 1-0: Foul Ball, location: 2F 1-1: Foul Ball, location: 2F 1-2: Ball 2-2: Strikes out swinging
|
Batting: RHB Mike Manchester
|
0-0: Ball 1-0: Ball 2-0: Foul Ball, location: 2F 2-1: Foul Ball, location: 2F 2-2: Ball 3-2: Base on Balls Matt Steinke to second
|
Batting: RHB Andy Solorzano
|
0-0: Ball 1-0: Foul Ball, location: 2F 1-1: Ball 2-1: Reached on error, E5 (Groundball, 15, EV 88.1 MPH) Matt Steinke scores Mike Manchester to third
|
Pitching: RHP Bryan Shuller
|
|
Pinch Hitting: LHB Eric Zacher
|
0-0: Ball 1-0: Called Strike 1-1: Fly out, F7 (Flyball, 7, EV 80.6 MPH)
|
Bottom of the 8th over - 1 run, 0 hits, 1 error, 2 left on base; Hillsboro 2 - Boise 12 |
TOP OF THE 9TH |
Hillsboro Hops batting - Pitching for Boise Hawks : RHP Javier Leon
|
Now at 2B: Eric Zacher
|
|
Now in LF: Bodil Hardenberg
|
|
Now in RF: Matt Robert
|
|
Batting: RHB Jeremy Coffey
|
0-0: Called Strike 0-1: Swinging Strike 0-2: Ball 1-2: Ball 2-2: Strikes out swinging
|
Batting: RHB Trevor Corey
|
0-0: Called Strike 0-1: Foul Ball, location: 2F 0-2: Ball 1-2: Ball 2-2: Ball 3-2: Strikes out swinging
|
Batting: SHB Mike Kiefer
|
0-0: Ball 1-0: Called Strike 1-1: Called Strike 1-2: Foul Ball, location: 2F 1-2: Strikes out looking
|
Top of the 9th over - 0 runs, 0 hits, 0 errors, 0 left on base; Hillsboro 2 - Boise 12 |
|